 Dungeon Crawl Stone Soup version 0.26-a0-651-gb41185065b (webtiles) character file.

Game seed: 17055081029417414386

3214 Inarius the Cleaver (level 9, -10/78 HPs)
             Began as a Red Draconian Chaos Knight on Oct 3, 2020.
             Was a Plaything of Xom.
             Shot with a sling bullet by Joseph (12 damage)
             ... on level 7 of the Dungeon on Oct 4, 2020.
             The game lasted 00:11:42 (8715 turns).

Inarius the Cleaver (Red Draconian Chaos Knight)    Turns: 8715, Time: 00:11:43

Health: -10/78     AC: 14    Str: 18    XL:     9   Next: 65%
Magic:  9/9        EV: 14    Int: 12    God:    Xom [.*....]
Gold:   466        SH:  0    Dex: 11    Spells: 8/8 levels left

rFire    + . .     SeeInvis .   B - +0 war axe
rCold    . . .     Faith    .   (no shield)
rNeg     . . .     Spirit   .   (armour unavailable)
rPois    .         Reflect  .   (helmet restricted)
rElec    .         Harm     .   (no cloak)
rCorr    .         Rampage  +   b - +1 pair of gloves
MR       .....                  z - +0 pair of boots {rampage}
Stlth    +.........             (no amulet)
HPRegen  0.23/turn              c - +4 ring of protection
MPRegen  0.11/turn              k - +4 ring of slaying

@: marked
A: breathe fire, unfitting armour, fire resistance 1, cold-blooded, AC +7
a: Breathe Fire, Renounce Religion


You were on level 7 of the Dungeon.
You worshipped Xom.
You were a plaything of Xom.
You visited 1 branch of the dungeon, and saw 7 of its levels.
You also visited: Sewer.

You collected 466 gold pieces.

Inventory:

Hand Weapons
 a - a +0 hand axe of chaos
 B - a +0 war axe (weapon)
Armour
 b - a +1 pair of gloves (worn)
 z - a +0 pair of boots of rampaging (worn)
Jewellery
 c - a +4 ring of protection (left hand)
 g - an uncursed ring of see invisible
 k - a +4 ring of slaying (right hand)
Wands
 v - a wand of iceblast (1)
 w - a wand of polymorph (5)
Scrolls
 e - a scroll of enchant armour
 j - 2 scrolls of fog
 l - a scroll of fear {unknown}
 n - 4 scrolls of remove curse
 o - 4 scrolls of teleportation {unknown}
 p - a scroll of blinking
 q - 3 scrolls of amnesia
 r - 3 scrolls of immolation
 u - 2 scrolls of enchant weapon {unknown}
 x - a scroll of identify
 y - a scroll of summoning {unknown}
Potions
 d - a potion of berserk rage {unknown}
 f - 7 potions of curing
 h - a potion of heal wounds {unknown}
 i - a potion of mutation
 m - 5 potions of brilliance
 s - 2 potions of stabbing {unknown}
 t - 2 potions of degeneration {unknown}
 A - a potion of flight {unknown}


   Skills:
 + Level 6.7 Fighting
 * Level 11.4 Axes
 + Level 5.4 Dodging
 - Level 0.2 Stealth
 + Level 1.3 Evocations


You had 8 spell levels left.
You didn't know any spells.
Your spell library contained the following spells:

 Spells                   Type           Power        Failure   Level
 Summon Small Mammal      Summ           #...         32%         1
 Call Imp                 Summ           #.......     45%         2
 Call Canine Familiar     Summ           #.......     69%         3
 Summon Guardian Golem    Hex/Summ       #.......     69%         3
 Summon Ice Beast         Ice/Summ       #.......     97%         4
 Summon Lightning Spire   Summ/Air       #.......     97%         4


Dungeon Overview and Level Annotations

Branches:
Dungeon (7/15)             Temple (0/1) D:6           Sewer (visited)

Altars:
Ashenzari
Dithmenos
Hepliaklqana
Kikubaaqudgha
Nemelex Xobeh
Okawaru
Ru
Wu Jian
Xom
Zin

Annotations:
D:7 Harold, Joseph


Innate Abilities, Weirdness & Mutations

You can breathe blasts of fire.
Your fiery red scales are hard. (AC +7)
You cannot fit into any form of body armour.
Your flesh is heat resistant. (rF+)
You are cold-blooded and may be slowed by cold attacks.


Message History

* * * LOW HITPOINT WARNING * * *
Okay, then.
Press: ? - help, Dir - move target cursor
As you read the scroll of blinking, it crumbles to dust.
Harold hits you from afar with a +0 glaive!
* * * LOW HITPOINT WARNING * * *
As you read the scroll labeled ZUEZ HOMMAMOO, it crumbles to dust.
It is a scroll of amnesia.
You feel forgetful for a moment. Harold hits you but does no damage.
As you read the scroll labeled ZICYSAECRAI, it crumbles to dust.
The creatures around you are filled with an inner flame!
It was a scroll of immolation.
Harold hits you from afar with a +0 glaive!
* * * LOW HITPOINT WARNING * * *
Joseph shoots a sling bullet.
The sling bullet hits you.
* * * LOW HITPOINT WARNING * * *
You see here a sling bullet.
Joseph shoots a sling bullet.
The sling bullet hits you!
You die...
Xom guffaws!

#.##.........##########
#.##..######...........
#.##..# #####...###.
#.....### #.....##.
##......# ##...###.
#(.....# ##.## ##
#..(...# #.# ##....##
#.# ####@# ##+## #(#
##...## #.## ##.....##
#@.######....)..##
##.@.##_##...)...@#
###...###..##.......'
#.....#..#..#.......#
#(##..#...#.#......##
#(##..#.#...#.....##


You could see Harold (inner flame) and Joseph (inner flame).

Vanquished Creatures
  A polar bear (D:5)
  A hippogriff (D:7)
  Prince Ribbit (D:6)
  Sigmund (D:6)
  2 water moccasins
  3 sky beasts
  An ice beast (D:5)
  2 ogres (D:5)
  A lemure (D:4)
  6 centaurs
  3 bullfrogs
  2 scorpions
  A howler monkey (D:4)
  A crimson imp (D:5)
  2 jellies
  2 hounds
  2 quasits (D:4)
  6 orc priests
  An iguana (D:6)
  Terence (D:3)
  3 worker ants
  3 orc wizards
  A howler monkey zombie (D:7)
  7 gnolls
  12 adders
  A white imp (D:6)
  2 ufetubi (D:5)
  5 oozes
  An adder skeleton (D:7)
  4 worms
  13 leopard geckos
  19 orcs
  10 bats
  20 giant cockroaches
  6 goblins
  4 hobgoblins
  11 jackals
  11 kobolds
  A quokka (D:3)
  18 ball pythons
  16 frilled lizards
  A jackal zombie (D:5)
  A quokka skeleton (D:6)
  11 rats
221 creatures vanquished.

Vanquished Creatures (collateral kills)
  An orc wizard (D:3)
  An iguana (D:6)
  An adder skeleton (D:5)
  An orc (D:3)
4 creatures vanquished.

Vanquished Creatures (others)
  9 plants (D:2)
  4 withered plants (D:3)
13 creatures vanquished.

Grand Total: 238 creatures vanquished

Notes
Turn   | Place    | Note
-------+----------+-------------------------------------------
     0 | D:1      | Inarius the Draconian Chaos Knight began the quest for the
                  | Orb.
     0 | D:1      | Reached XP level 1. HP: 19/19 MP: 1/1
    77 | D:1      | XOM: silly message
   246 | D:1      | XOM: divination: magic mapping
   266 | D:1      | Reached XP level 2. HP: 24/26 MP: 2/2
   339 | D:1      | XOM: silly message
   512 | D:1      | XOM: cloud trail
   714 | D:1      | XOM: silly message
   764 | D:1      | XOM: divination: detect creatures
   842 | D:2      | XOM: potion effect (brilliance)
   845 | D:2      | Reached XP level 3. HP: 33/33 MP: 3/3
   857 | D:2      | XOM: silly message
  1033 | D:2      | Reached skill level 4 in Axes
  1188 | D:2      | Reached XP level 4. HP: 29/40 MP: 4/4
  1371 | D:2      | XOM: divination: detect items
  1610 | D:2      | XOM: silly message
  1628 | D:2      | XOM: divination: detect items
  1712 | D:2      | XOM: god gift: scroll labeled XAIKUI LAIRIE {god gift}
  1935 | D:3      | Noticed Terence
  1958 | D:3      | Killed Terence
  1959 | D:3      | XOM: cast spell 'Discord'
  1965 | D:3      | Reached XP level 5. HP: 40/46 MP: 3/5
  2008 | D:3      | Found an ancient bone altar of Kikubaaqudgha.
  2010 | D:3      | XOM: silly message
  2226 | D:3      | XOM: noise
  2229 | D:3      | Found a glowing drain.
  2233 | D:3      | Reached skill level 5 in Axes
  2240 | Sewer    | Entered a sewer
  2354 | Sewer    | XOM: stat loss: -1 Int (11/12)
  2484 | Sewer    | Reached XP level 6. HP: 51/52 MP: 6/6
  2499 | Sewer    | Reached skill level 6 in Axes
  2625 | Sewer    | XOM: summons 2 hostile shadow creatures
  2663 | D:3      | XOM: 1-stop teleportation journey
  2739 | D:3      | XOM: scenery: create altars
  2958 | D:4      | XOM: smoke on damage
  2994 | D:4      | XOM: fog
  3266 | D:4      | XOM: draining
  3283 | D:4      | Your scales start taking on a fiery red colour.
  3283 | D:4      | Reached XP level 7. HP: 42/60 MP: 7/7
  3283 | D:4      | Gained mutation: Your flesh is heat resistant. (rF+) [Red
                  | Draconian growth]
  3695 | D:4      | Found a glowing silver altar of Zin.
  3897 | D:5      | Entered Level 5 of the Dungeon
  3905 | D:5      | Reached skill level 7 in Axes
  4096 | D:5      | Noticed Pikel
  4098 | D:5      | Noticed Pikel
  4098 | D:5      | Pikel changed into Pikel the polar bear
  4098 | D:5      | XOM: polymorph Pikel -> Pikel the polar bear
  4101 | D:5      | XOM: potion effect (brilliance)
  4116 | D:5      | XOM: summons 7 friendly demons
  4141 | D:5      | XOM: scenery: 3 doors open, 1 doors close
  4153 | D:5      | XOM: cast spell 'Leda's Liquefaction'
  4156 | D:5      | XOM: chaos cloud
  4168 | D:5      | XOM: polymorph lemure -> quasit
  4277 | D:4      | XOM: divination: detect creatures
  4506 | D:5      | Killed Pikel the polar bear
  4506 | D:5      | Reached skill level 8 in Axes
  4533 | D:5      | XOM: 2-stop teleportation journey
  4540 | D:5      | Reached XP level 8. HP: 67/67 MP: 8/8
  4656 | D:5      | XOM: fog
  4955 | D:5      | Found an iron altar of Okawaru.
  5002 | D:5      | HP: 2/67 [ogre/+0 giant club (15)]
  5004 | D:5      | Reached skill level 9 in Axes
  5007 | D:5      | HP: 2/67 [hound (1)]
  5337 | D:5      | XOM: summons friendly white imp
  5338 | D:5      | XOM: confusion (+ monsters)
  5443 | D:5      | XOM: summons 5 hostile demons
  5743 | D:5      | XOM: silly message
  5949 | D:6      | XOM: repel stairs
  6019 | D:6      | XOM: noise
  6020 | D:6      | Noticed Sigmund
  6027 | D:6      | Reached skill level 5 in Fighting
  6029 | D:6      | Reached skill level 1 in Evocations
  6035 | D:6      | XOM: confusion
  6036 | D:6      | Killed Sigmund
  6045 | D:6      | Reached skill level 10 in Axes
  6045 | D:6      | Reached skill level 5 in Dodging
  6063 | D:6      | Reached XP level 9. HP: 18/74 MP: 9/9
  6072 | D:6      | XOM: silly message
  6373 | D:6      | Found a staircase to the Ecumenical Temple.
  6398 | D:6      | Noticed Prince Ribbit
  6400 | D:6      | XOM: summons friendly crimson imp
  6403 | D:6      | Killed Prince Ribbit
  6425 | D:6      | Found a sparkling altar of Nemelex Xobeh.
  6474 | D:6      | XOM: scenery: 1 doors close
  6511 | D:6      | Found a sacrificial altar of Ru.
  6643 | D:6      | XOM: divination: detect items
  6653 | D:6      | HP: 3/74 [something (11)]
  7453 | D:6      | XOM: god gift: pair of runed boots {god gift}
  7981 | D:7      | Found a broken altar of Ashenzari.
  7983 | D:7      | Found a shadowy altar of Dithmenos.
  8052 | D:7      | Reached skill level 11 in Axes
  8269 | D:7      | Found a hazy altar of Hepliaklqana.
  8322 | D:7      | Found an ornate altar of the Wu Jian Council.
  8625 | D:7      | Noticed Harold
  8632 | D:7      | XOM: divination: detect items
  8634 | D:7      | Noticed Joseph
  8660 | D:7      | XOM: confuse monster(s)
  8680 | D:7      | XOM: noise
  8714 | D:7      | HP: 2/78 [Joseph/sling bullet (2)]
  8715 | D:7      | Shot with a sling bullet by Joseph

Illustrated notes

Levels and vault maps discovered:
D:1:      lemuel_arrival_funnel, layout_loops_ring, minmay_tromino_v7
D:2:      layout_basic, lexackson_kobold_supper
D:3:      layout_rooms, kiku_gazebo_garden_becter, portal_sewer_entry_c,
          uniq_crazy_yiuf_cottage, uniq_terence
D:4:      layout_gridville, nicolae_overflow_crystal_walls
D:5:      layout_gridville, lemuel_round_altar, uniq_pikel
D:6:      layout_layer_cave, nemelex_xobeh_ov_fountains_minmay,
          minmay_temple_entry_drinking_statues, roderic_st_hans_cross,
          hangedman_ru_absence, uniq_prince_ribbit1, uniq_sigmund
D:7:      layout_loops_corners, marbit_many_paths,
          lemuel_coloured_pillars_altar, overflow_temple_1_default, minitemple,
          uniq_harold, uniq_joseph

Skill      XL: |  1  2  3  4  5  6  7  8  9 |
---------------+----------------------------+-----
Axes           | 4 5 6 8 10 11 | 11.4
Dodging        | 3 4 5 |  5.4
Fighting       | 4 5 6 |  6.7
Evocations     | 1 |  1.3
Stealth        | |  0.2

Action                   |  1- 3 |  4- 6 |  7- 9 || total
-------------------------+-------+-------+-------++-------
Melee: Hand axe          |   121 |   216 |   319 ||   656
       Tailslap          |     7 |    14 |    45 ||    66
 Abil: Breathe Fire      |       |       |     2 ||     2
Evoke: Wand              |       |       |    10 ||    10
  Use: Scroll            |       |     9 |     8 ||    17
       Potion            |       |       |     3 ||     3
 Stab: Petrifying        |       |     1 |       ||     1
       Petrified         |       |     1 |       ||     1
       Paralysed         |       |       |     1 ||     1
       Confused          |       |       |     1 ||     1
Armor: Skin              |    70 |    95 |   147 ||   312
Dodge: Dodged            |   102 |   201 |   238 ||   541

Table legend: (Time is in decaauts)
 A = Elapsed time spent in this place.
 B = Non-inter-level travel time spent in this place.
 C = Inter-level travel time spent in this place.
 D = Time resting spent in this place.
 E = Time spent auto-exploring this place.
 F = Levels seen in this place.
 G = Mean time per level.
                   A        B        C        D        E       F      G
               +--------+--------+--------+--------+--------+-----+--------+
         Total |   8774 |   8612 |    162 |   1722 |   5010 |   8 | 1096.8 |
       Dungeon |   8277 |   8115 |    162 |   1722 |   4877 |   7 | 1182.4 |
         Sewer |    496 |    496 |      0 |      0 |    132 |   1 |  496.0 |
               +--------+--------+--------+--------+--------+-----+--------+

Top non-repeatable levels by time:
     D:6: 1962 daAuts
     D:5: 1725 daAuts
     D:2: 1061 daAuts
     D:4: 960 daAuts
     D:3: 906 daAuts
     D:1: 842 daAuts
     D:7: 819 daAuts
   Sewer: 496 daAuts
